 Dungeon Crawl Stone Soup version 0.27-a0-951-gae3e1deef5 (webtiles) character file.

Game seed: 14103891877782267145

4 Alarkh the Insei (level 1, -1/15 HPs)
             Began as a Demonspawn Transmuter on Apr 11, 2021.
             Slain by a quokka (5 damage)
             ... on level 1 of the Dungeon.
             The game lasted 00:00:12 (338 turns).

Alarkh the Insei (Demonspawn Transmuter)             Turns: 338, Time: 00:00:13

Health: -1/15      AC:  2    Str: 10    XL:     1   Next: 58%
Magic:  3/3        EV: 12    Int: 14    God:
Gold:   40         SH:  0    Dex: 13    Spells: 3/4 levels left

rFire    . . .     SeeInvis .     - Unarmed
rCold    . . .     Faith    .   (no shield)
rNeg     . . .     Spirit   .   a - +0 robe
rPois    .         Reflect  .   (no helmet)
rElec    .         Harm     .   (no cloak)
rCorr    .         Rampage  .   (no gloves)
Will     .....                  (no boots)
Stlth    +.........             (no amulet)
HPRegen  0.05/turn              (no ring)
MPRegen  0.08/turn              (no ring)

@: no status effects
A: no striking features
a: no special abilities


You were on level 1 of the Dungeon.
You visited 1 branch of the dungeon, and saw 1 of its levels.

You collected 40 gold pieces.

Inventory:

Armour
 a - a +0 robe (worn)
Scrolls
 b - 3 scrolls of identify {unknown}
 c - a scroll of teleportation {unknown}
 d - a scroll of immolation {unknown}
 g - a scroll of enchant armour {unknown}
 h - a scroll of magic mapping {unknown}
Potions
 e - a potion of flight {unknown}
 f - a potion of might {unknown}


   Skills:
 + Level 1.1 Fighting
 - Level 1.7 Dodging
 * Level 2.8 Unarmed Combat
 + Level 2.0 Spellcasting
 + Level 1.8 Transmutations


You had 3 spell levels left.
You knew the following spells:

 Your Spells              Type           Power      Damage    Failure   Level
a - Beastly Appendage     Tmut           12%        N/A       11%         1

Your spell library contained the following spells:

 Spells                   Type           Power      Damage    Failure   Level
 Wereblood                Tmut           6%         N/A       17%         2
 Spider Form              Tmut/Pois      2%         N/A       43%         3
 Ice Form                 Ice/Tmut       4%         N/A       85%         4
 Hydra Form               Tmut           3%         N/A       97%         5


Dungeon Overview and Level Annotations

Branches:
Dungeon (1/15)

Altars:


Message History

You completely miss the jackal. You claw the jackal, but do no damage.
Your transformation is almost over.
The bat hits you but does no damage. The jackal bites you.
You barely miss the jackal. You claw the jackal.
The jackal is almost dead.
The bat hits you. The jackal closely misses you. The jackal barely misses you.
You hit the jackal but do no damage.
The jackal is almost dead.
The bat closely misses you. The jackal closely misses you.
You miss the jackal.
The jackal is almost dead.
The bat closely misses you. The jackal closely misses you.
You hit the jackal but do no damage. You headbutt the jackal.
You kill the jackal!
The bat misses you. The quokka bites you. The bat hits you but does no damage.
You are too injured to fight recklessly!
You are too injured to fight recklessly!
You are too injured to fight recklessly!
You are too injured to fight recklessly!
You are too injured to fight recklessly!
You are too injured to fight recklessly!
You are too injured to fight recklessly!
You are too injured to fight recklessly!
You are too injured to fight recklessly!
You are too injured to fight recklessly!
The bat completely misses you. The quokka closely misses you. The bat hits you.
The bat barely misses you. The bat hits you.
The bat misses you. x2; The quokka barely misses you.
Your horns disappear.
Your talons disappear.
The bat hits you.
* * * LOW HITPOINT WARNING * * *
The bat barely misses you. The bat misses you. The bat barely misses you.
The quokka barely misses you.
The quokka bites you but does no damage.
You closely miss the quokka. The quokka closely misses you.
You closely miss the quokka. The quokka bites you.
You die...

#.##.####.# P≈≈ ≈≈≈ #.##.# #.#
.≈≈ ≈≈≈ ######...[# #.# ..≈≈ ≈.
#.....##### ##.# P≈≈.≈≈≈
########.....#######..≈ #≈.≈.♣≈
.......'.....'.......≈. . ..≈.P
########.....########♣≈
#...♣.)##########.....###.......
......>......br@'.....'.+.......
##.#.........)###.....###.......
#..........# #.....###.......
.............# #...............
≈....########## #...)...........
P.... #####........... P...
#....#####+# ♣... #.....+
#.....#


You could see a quokka and a bat.

Vanquished Creatures
  A ball python (D:1)
  A goblin (D:1)
  A jackal (D:1)
  A kobold (D:1)
4 creatures vanquished.

Notes
Turn   | Place    | Note
-------+----------+-------------------------------------------
     0 | D:1      | Alarkh the Demonspawn Transmuter began the quest for the
                  | Orb.
     0 | D:1      | Reached XP level 1. HP: 15/15 MP: 3/3
    43 | D:1      | Found a faded altar of an unknown god.
   338 | D:1      | Slain by a quokka

Illustrated notes

Levels and vault maps discovered:
D:1:      tarquinn_simple_flora_water_d, layout_basic,
          hellmonk_ecumenical_altar_run_dry, serial_bayou, serial_bayou_ford_a,
          serial_bayou_pond_a, serial_bayou_crossing, serial_bayou_pond_e,
          serial_bayou_pond_e, serial_bayou_pond_b

Action                   || total
-------------------------++-------
Melee: Unarmed           ||    15
       Kick              ||     4
       Headbutt          ||     1
 Cast: Beastly Appendage ||     4
Armor: Robe              ||     6
Dodge: Dodged            ||    25

Table legend: (Time is in decaauts)
 A = Elapsed time spent in this place.
 B = Non-inter-level travel time spent in this place.
 C = Inter-level travel time spent in this place.
 D = Time resting spent in this place.
 E = Time spent auto-exploring this place.
 F = Levels seen in this place.
 G = Mean time per level.
                   A        B        C        D        E       F      G
               +--------+--------+--------+--------+--------+-----+--------+
         Total |    350 |    350 |      0 |      0 |    309 |   1 |  350.0 |
       Dungeon |    350 |    350 |      0 |      0 |    309 |   1 |  350.0 |
               +--------+--------+--------+--------+--------+-----+--------+

Top non-repeatable levels by time:
     D:1: 350 daAuts
